 Dungeon Crawl Stone Soup version 0.28-a0-1429-gf3d713df7a (webtiles) character file.

Game seed: 8807669175034434944

56 YayAnonymity the Vandal (level 3, -7/27 HPs)
             Began as a Demonspawn Hunter on Jan 9, 2022.
             Killed by divine providence
             ... invoked by an orc priest
              (11 damage)
             ... on level 2 of the Dungeon.
             The game lasted 00:02:50 (1453 turns).

YayAnonymity the Vandal (Demonspawn Hunter)         Turns: 1453, Time: 00:02:51

Health: -7/27      AC:  3    Str: 14    XL:     3   Next: 71%
Magic:  3/3        EV: 12    Int: 12    God:
Gold:   99         SH:  4    Dex: 13    Spells: 2/2 levels left

rFire   . . .      SeeInvis .   a - +1 hunting sling
rCold   . . .      Faith    .   (no shield)
rNeg    . . .      Spirit   .   c - +0 leather armour
rPois   .          Reflect  .   (no helmet)
rElec   .          Harm     .   (no cloak)
rCorr   .          Rampage  .   (no gloves)
Will    .....                   (no boots)
Stlth   +.........              (no amulet)
HPRegen 0.09/turn               (no ring)
MPRegen 0.08/turn               (no ring)

@: no status effects
A: powered by death 1, condensation shield
a: no special abilities


You were on level 2 of the Dungeon.
You visited 1 branch of the dungeon, and saw 2 of its levels.

You collected 99 gold pieces.

Inventory:

Hand Weapons
 a - a +1 hunting sling (weapon)
 b - a +0 short sword
Missiles
 d - 19 sling bullets
 e - 68 stones (quivered ammo)
Armour
 c - a +0 leather armour (worn)
Scrolls
 f - a scroll of silence {unknown}
 h - 2 scrolls of identify {unknown}
 i - a scroll of teleportation {unknown}
 j - a scroll of noise {unknown}
 k - 2 scrolls of enchant weapon {unknown}
 m - a scroll of brand weapon {unknown}
 n - a scroll of fear {unknown}
Potions
 g - a potion of curing {unknown}
 l - a potion of heal wounds {unknown}


   Skills:
 - Level 2.0 Fighting
 * Level 4.5 Slings
 + Level 2.5 Dodging
 - Level 0.8 Stealth


You had 2 spell levels left.
You didn't know any spells.
Your spell library contained the following spells:

 Spells                   Type           Power      Damage    Failure   Level
 Animate Skeleton         Necr           0%         N/A       38%         1
 Magic Dart               Conj           0%         1d3       38%         1
 Pain                     Necr           0%         1d4       38%         1
 Searing Ray              Conj           0%         2d4       54%         2
 Vampiric Draining        Necr           0%         2d6       77%         3
 Fulminant Prism          Conj/Hex       0%         3d6       99%         4


Dungeon Overview and Level Annotations

Branches:
Dungeon (2/15)

Altars:


Innate Abilities, Weirdness & Mutations

You regenerate a little health from kills.
A meltable shield of frost defends you. (SH +4)


Message History

The orc shouts! x2; The orc priest shouts!
You shoot a stone. The stone hits the orc!
You kill the orc!
An orc comes into view. It is wielding a +0 club.
You shoot a stone. The orc shouts!
The stone hits the orc but does no damage.
You shoot a stone.
The stone hits the orc priest but does no damage.
The orc priest invokes the aid of Beogh against you.
Beogh smites you!
Ouch! That really hurt!
You are too injured to fight recklessly!
You are too injured to fight recklessly!
You are too injured to fight recklessly!
Fire: 71 stones
Press: ? - help, Q - select action, (/) - cycle Shift-Dir - straight line, f/p - orc priest
Aim: an orc priest, wielding a +0 short sword (62% to hit)
You shoot a stone. The stone closely misses the orc.
The stone closely misses the orc priest.
The orc priest mumbles some strange prayers to Beogh against you.
Beogh smites you!
* * * LOW HITPOINT WARNING * * *
Fire: 70 stones
Press: ? - help, Q - select action, (/) - cycle Shift-Dir - straight line, f/p - orc priest
Aim: an orc priest, wielding a +0 short sword (62% to hit)
You shoot a stone. The stone closely misses the orc.
The stone barely misses the orc.
The stone hits the orc priest.
The orc priest is lightly wounded.
Fire: 69 stones
Press: ? - help, Q - select action, (/) - cycle Shift-Dir - straight line, f/p - orc priest
Aim: an orc priest, wielding a +0 short sword (lightly wounded, 62% to hit)
You shoot a stone. The stone hits the orc.
The orc is almost dead.
You block the orc's attack.
There is a stone staircase leading up here.
The orc priest calls down the wrath of Beogh upon you.
Beogh smites you!
You die...

##### ....##### ....'...#
....###.# ####### ##+##
#.# #...#.. .#.#
##.####.#.#.##### ##.#
#...<##.#.#.#...# # ##.#
#..####.#.#.#.#.#.#
##.###.......#.#@..#.#.##
................o........
##.###...............#..#
....[........##o.#o..#..#
.................#o#.# .#
................##.#.# ..
...................#.#
.......)......######.##'#
...............o.o(..((.(


You could see an orc priest and 3 orcs.

Vanquished Creatures
  An adder (D:2)
  A gnoll (D:1)
  A worm (D:2)
  An orc (D:2)
  3 ball pythons
  4 endoplasms (D:1)
  2 giant cockroaches
  A goblin (D:2)
  2 hobgoblins (D:1)
  2 quokkas (D:1)
  6 bats
  2 frilled lizards (D:2)
  4 kobolds (D:1)
  3 rats (D:1)
33 creatures vanquished.

Notes
Turn   | Place    | Note
-------+----------+-------------------------------------------
     0 | D:1      | YayAnonymity the Demonspawn Hunter began the quest for the
                  | Orb.
     0 | D:1      | Reached XP level 1. HP: 16/16 MP: 1/1
   154 | D:1      | Gained mutation: You regenerate a little health from kills.
                  | [demonic ancestry]
   154 | D:1      | Reached XP level 2. HP: 22/22 MP: 2/2
   241 | D:1      | Reached skill level 4 in Slings
   587 | D:1      | Gained mutation: A meltable shield of frost defends you.
                  | (SH +4) [demonic ancestry]
   587 | D:1      | Reached XP level 3. HP: 27/27 MP: 3/3
  1436 | D:2      | HP: 1/27 [orc priest/divine providence (11)]
  1453 | D:2      | Killed from afar by an orc priest

Illustrated notes

Levels and vault maps discovered:
D:1:      minmay_arrival_shattered_statue, layout_loops_ring
D:2:      layout_basic

Skill      XL: |  1  2 |
---------------+-------+-----
Dodging        | 2 |  2.5
Slings         | 4 |  4.5
Fighting       | |  2.0
Stealth        | |  0.8

Action                   || total
-------------------------++-------
Melee: Short sword       ||    28
 Fire: Hunting sling     ||    95
Armor: Leather armour    ||    19
Dodge: Dodged            ||    33
Block: Other             ||     7

Table legend: (Time is in decaauts)
 A = Elapsed time spent in this place.
 B = Non-inter-level travel time spent in this place.
 C = Inter-level travel time spent in this place.
 D = Time resting spent in this place.
 E = Time spent auto-exploring this place.
 F = Levels seen in this place.
 G = Mean time per level.
                   A        B        C        D        E       F      G
               +--------+--------+--------+--------+--------+-----+--------+
         Total |   1450 |   1391 |     59 |      0 |   1152 |   2 |  725.0 |
       Dungeon |   1450 |   1391 |     59 |      0 |   1152 |   2 |  725.0 |
               +--------+--------+--------+--------+--------+-----+--------+

Top non-repeatable levels by time:
     D:1: 926 daAuts
     D:2: 524 daAuts
